 Dungeon Crawl Stone Soup version 0.29-a0-319-gad05b8d819 (webtiles) character file.

Game seed: 5832540740123469117

6 GigaChad the Skirmisher (level 1, 0/18 HPs)
             Began as a Demonspawn Abyssal Knight on Apr 1, 2022.
             Was a Believer of Lugonu.
             Slain by a ball python (2 damage)
             ... on level 1 of the Dungeon.
             The game lasted 00:00:55 (143 turns).

GigaChad the Skirmisher (Demonspawn Abyssal Knight)  Turns: 143, Time: 00:01:01

Health: 0/18       AC:  3    Str: 13    XL:     1   Next: 75%
Magic:  2/2        EV: 11    Int: 11    God:    Lugonu [**....]
Gold:   29         SH:  0    Dex: 13    Spells: 0/0 levels left

rFire   . . .      SeeInvis .   a - +1 falchion
rCold   . . .      Faith    .   (no shield)
rNeg    . . .      Spirit   .   b - +0 leather armour
rPois   .          Reflect  .   (no helmet)
rElec   .          Harm     .   (no cloak)
rCorr   .          Rampage  .   (no gloves)
Will    .....                   (no boots)
Stlth   +.........              (no amulet)
HPRegen 0.06/turn               (no ring)
MPRegen 0.08/turn               (no ring)

@: no status effects
A: no striking features
a: Renounce Religion, Depart the Abyss, Bend Space


You were on level 1 of the Dungeon.
You worshipped Lugonu.
Lugonu was pleased with you.
You visited 1 branch of the dungeon, and saw 1 of its levels.
You visited the Abyss 1 time.

You collected 29 gold pieces.

Inventory:

Hand Weapons
 a - a +1 falchion (weapon)
Armour
 b - a +0 leather armour (worn)
Potions
 c - a potion of resistance {unknown}


   Skills:
 + Level 3.3 Fighting
 + Level 1.8 Long Blades
 + Level 1.8 Armour
 + Level 0.8 Dodging
 + Level 2.5 Invocations


You couldn't memorise any spells.
You didn't know any spells.
Your spell library was empty.

Dungeon Overview and Level Annotations

Branches:
Dungeon (1/15)

Altars:


Message History

The ball python hisses angrily.
The frilled lizard hisses angrily.
You closely miss the kobold. The goblin barely misses you.
The kobold hits you with a +0 dagger.
You slash the kobold!
You kill the kobold!
Lugonu accepts your kill. The goblin closely misses you.
The ball python bites you but does no damage.
The ball python grabs you. The ball python constricts you.
The ball python's grasp on you weakens, but your attempt to escape fails.
The goblin completely misses you. The ball python bites you.
The ball python constricts you.
You barely miss the goblin. The goblin hits you with a +0 dagger.
The frilled lizard bites you but does no damage.
The ball python bites you but does no damage.
The ball python constricts you.
* * * LOW HITPOINT WARNING * * *
You hit the goblin.
The goblin is moderately wounded.
The ball python bites you.
* * * LOW HITPOINT WARNING * * *
The ball python constricts you. The goblin hits you but does no damage.
The frilled lizard bites you but does no damage.
The giant cockroach bites you but does no damage.
The ball python barely misses you. The ball python constricts you.
You escape the ball python's grasp.
The goblin hits you but does no damage. The frilled lizard bites you.
* * * LOW HITPOINT WARNING * * *
The giant cockroach closely misses you.
The giant cockroach attacks as you move away!
The giant cockroach barely misses you. The goblin hits you but does no damage.
The ball python barely misses you. The ball python closely misses you.
You hit the goblin.
You kill the goblin!
Lugonu accepts your kill. The frilled lizard barely misses you.
The giant cockroach bites you but does no damage.
The ball python bites you.
You die...

.#)### #)#.....# .....#
#.#.....#### . ##.#.#
#.#........##.#
##.#.#####.#.........#.#
.......................#.
.......##..#.............
........#.............##.
...#.....P[#..........#
.....P.♣........@)....#
...#P♣♣♣♣♣..#..BlS...##
...#PP♣ ........).......
####PP.. ..#..........##.
...P.......$.......#
♣PP..................
♣P................#.
.................#
...............


You could see a giant cockroach, a ball python and a frilled lizard.

Vanquished Creatures
  2 goblins (D:1)
  A hobgoblin (D:1)
  A bat (D:1)
  A kobold (D:1)
  3 rats (D:1)
8 creatures vanquished.

Notes
Turn   | Place    | Note
-------+----------+-------------------------------------------
     0 | Abyss:1  | GigaChad the Demonspawn Abyssal Knight began the quest for
                  | the Orb.
     0 | Abyss:1  | Reached XP level 1. HP: 18/18 MP: 2/2
    12 | D:1      | Escaped the Abyss
    15 | D:1      | Noticed a demigod
    15 | D:1      | Noticed a minotaur
    17 | D:1      | Noticed a vine stalker
    21 | D:1      | Noticed a naga
    21 | D:1      | Noticed a draconian
    23 | D:1      | Noticed an octopode
    25 | D:1      | Noticed a dwarf
    25 | D:1      | Noticed a human
    27 | D:1      | Noticed a ghoul
    27 | D:1      | Noticed a formicid
    30 | D:1      | Noticed a gargoyle
    30 | D:1      | Noticed a merfolk
    32 | D:1      | Noticed an ogre
    32 | D:1      | Noticed a felid
    34 | D:1      | Noticed a vampire
    36 | D:1      | Noticed a spriggan
    36 | D:1      | Noticed a tengu
    40 | D:1      | Noticed a troll
    40 | D:1      | Noticed a demonspawn
    42 | D:1      | Noticed an elf
   143 | D:1      | Slain by a ball python

Illustrated notes

Levels and vault maps discovered:
D:1:      kb_arrival_jail, layout_rooms, serial_forest,
          infiniplex_forest_clump_small, infiniplex_forest_lined_room_,
          infiniplex_forest_split, infiniplex_forest_clump_long,
          infiniplex_forest_fountain, infiniplex_forest_clump_double,
          infiniplex_forest_zigzag_1

Action                   || total
-------------------------++-------
Melee: Falchion          ||    29
Armor: Leather armour    ||    19
Dodge: Dodged            ||    29

Table legend: (Time is in decaauts)
 A = Elapsed time spent in this place.
 B = Non-inter-level travel time spent in this place.
 C = Inter-level travel time spent in this place.
 D = Time resting spent in this place.
 E = Time spent auto-exploring this place.
 F = Levels seen in this place.
 G = Mean time per level.
                   A        B        C        D        E       F      G
               +--------+--------+--------+--------+--------+-----+--------+
         Total |    148 |    148 |      0 |      0 |      0 |   2 |   74.0 |
       Dungeon |    136 |    136 |      0 |      0 |      0 |   1 |  136.0 |
         Abyss |     12 |     12 |      0 |      0 |      0 |   1 |   12.0 |
               +--------+--------+--------+--------+--------+-----+--------+

Top non-repeatable levels by time:
     D:1: 136 daAuts
 Abyss:1: 12 daAuts
